Map: 黑色燃烧-天梯版

Players

JieShi - Winner!

  • Race: Protoss Protoss
  • League: Master

iGCoffeeMs (Coffee)

  • Race: Terran Terran
  • League: Master

Event: DreamHack SC2 Masters 2021 Summer

VOD

Have the link to the VOD?

Description

Time

  • Played on: May 30, 2021, 8:19 a.m.
  • Length: 20:52

All games in this series

Show
View Real Time Build Order
Export as new Build Order

JieShi Protoss - Winner!

Build Orders: 1 Gate Expand, Phoenix Opening, Colossus Rush 

Get SALT Encoding   

  12  0:00  Probe  
  13  0:12  Probe  
  14  0:17  Pylon  
  14  0:24  Probe (Chrono Boost)  
  15  0:36  Gateway  
  15  0:37  Probe (Chrono Boost)  
  16  0:43  Probe (Chrono Boost)  
  16  0:46  Assimilator  
  17  0:51  Probe  
  18  1:03  Probe  
  19  1:16  Probe  
  20  1:23  Cybernetics Core  
  20  1:33  Nexus  
  20  1:36  Probe  
  21  1:45  Pylon  
  21  1:48  Probe  
  22  1:56  Assimilator  
  22  2:00  Adept (Chrono Boost)  
  22  2:01  Probe  
  25  2:13  Probe  
  26  2:23  Stargate  
  26  2:26  Probe, Adept (Chrono Boost)  
  29  2:39  Probe (Chrono Boost)  
  29  2:42  Warp Gate  
  30  2:45  Probe (Chrono Boost)  
  30  2:47  Adept (Chrono Boost)  
  34  2:56  Probe x2 (Chrono Boost)  
  35  3:01  Probe (Chrono Boost)  
  35  3:02  Probe (Chrono Boost)  
  37  3:06  Phoenix (Chrono Boost)  
  37  3:12  Probe  
  40  3:14  Probe  
  40  3:17  Pylon  
  41  3:24  Probe  
  41  3:26  Probe  
  43  3:27  Phoenix (Chrono Boost)  
  45  3:38  Probe x2  
  45  3:43  Gateway  
  45  3:44  Gateway  
  45  3:46  Phoenix  
  47  3:50  Probe x2  
  49  3:57  Pylon  
  49  4:00  Robotics Facility  
  50  4:02  Probe  
  50  4:08  Pylon  
  50  4:09  Probe  
  51  4:10  Assimilator  
  51  4:14  Probe  
  51  4:15  Assimilator  
  51  4:16  Phoenix (Chrono Boost)  
  54  4:25  Probe  
  54  4:27  Probe  
  56  4:31  Shield Battery  
  56  4:32  Phoenix (Chrono Boost)  
  56  4:37  Probe  
  59  4:39  Probe  
  60  4:51  Forge, Robotics Bay  
  60  4:55  Observer (Chrono Boost), Pylon  
  60  4:58  Pylon  
  61  5:02  Probe x2, Stalker  
  64  5:12  Immortal (Chrono Boost)  
  68  5:14  Probe  
  68  5:15  Probe  
  70  5:28  Nexus  
  70  5:31  Shield Battery  
  70  5:33  Sentry  
  72  5:35  Gateway  
  72  5:44  Colossus (Chrono Boost)  
  78  5:55  Pylon  
  78  5:58  Photon Cannon  
  78  6:01  Shield Battery  
  78  6:03  Probe x2  
  80  6:10  Zealot, Sentry  
  84  6:15  Probe x2  
  86  6:28  Stalker  
  88  6:35  Stalker x3  
  88  6:39  Pylon  
  94  6:40  Pylon  
  94  6:42  Colossus (Chrono Boost)  
  98  7:02  Phoenix (Chrono Boost)  
  98  7:03  Forge, Robotics Bay  
  98  7:06  Gateway  
  98  7:07  Zealot, Sentry  
  104  7:10  Gateway  
  104  7:13  Gateway  
  104  7:15  Zealot, Stalker  
  104  7:21  Probe x2  
  104  7:22  Probe  
  111  7:24  Phoenix (Chrono Boost)  
  111  7:25  Pylon  
  111  7:28  Shield Battery  
  111  7:29  Observer  
  114  7:33  Probe x2, Pylon  
  114  7:34  Protoss Ground Weapons Level 1 (Chrono Boost)  
  114  7:35  Stalker  
  114  7:57  Colossus (Chrono Boost)  
  106  7:59  Observer  
  106  8:02  Phoenix (Chrono Boost)  
  114  8:06  Probe  
  114  8:11  Twilight Council  
  115  8:13  Nexus  
  115  8:14  Pylon  
  115  8:20  Observer  
  115  8:22  Phoenix (Chrono Boost)  
  115  8:26  Zealot x3  
  115  8:27  Zealot, Stalker x2  
  124  8:29  Probe  
  124  8:32  Pylon  
  124  8:33  Pylon  
  129  8:35  Charge (Chrono Boost)  
  129  8:44  Pylon  
  129  8:51  Gateway, Nexus  
  129  8:53  Gateway, Pylon  
  129  8:54  Pylon  
  125  9:07  Observer  
  125  9:10  Phoenix  
  125  9:14  Photon Cannon, Shield Battery  
  128  9:17  Probe  
  128  9:18  Probe x2  
  128  9:23  Templar Archives  
  130  9:30  Probe x2  
  132  9:42  Colossus (Chrono Boost)  
  132  9:43  Stalker x3  
  132  9:44  Zealot  
  132  9:45  Zealot x2  
  144  9:51  Stalker x2  
  148  9:55  Probe  
  148  9:56  Protoss Ground Weapons Level 2 (Chrono Boost)  
  149  10:05  Zealot x2  
  149  10:06  Probe, Zealot  
  156  10:12  Zealot  
  156  10:13  Zealot x2  
  162  10:16  Phoenix (Chrono Boost)  
  162  10:19  Probe (Chrono Boost)  
  166  10:22  Probe (Chrono Boost), Assimilator  
  166  10:24  Photon Cannon  
  166  10:26  Assimilator  
  166  10:28  Observer, Probe (Chrono Boost)  
  167  10:31  Probe (Chrono Boost)  
  167  10:35  Blink  
  168  10:37  Probe (Chrono Boost)  
  168  10:39  Probe (Chrono Boost)  
  168  10:42  Immortal (Chrono Boost)  
  170  10:45  Probe, Zealot  
  177  10:55  Probe, Zealot x2  
  181  11:07  Observer  
  181  11:16  Pylon  
  181  11:19  Dark Shrine  
  181  11:20  Pylon, Robotics Bay  
  181  11:24  Observer  
  181  11:27  Assimilator  
  181  11:30  Assimilator  
  181  11:33  Immortal (Chrono Boost)  
  181  11:34  Probe  
  181  11:37  Pylon  
  186  11:43  Observer  
  186  11:47  High Templar x2  
  186  11:48  High Templar x2  
  186  11:49  Zealot  
  186  11:54  Archon x2  
  196  11:55  Gateway  
  196  11:56  Probe  
  196  11:57  Gateway  
  196  11:58  Gateway  
  196  12:00  Gateway, Zealot x3  
  198  12:01  Pylon  
  198  12:03  Pylon  
  198  12:05  Probe  
  198  12:06  Probe  
  200  12:16  Forge  
  200  12:19  Protoss Ground Armor Level 1 (Chrono Boost)  
  193  12:35  Extended Thermal Lance (Chrono Boost)  
  185  12:40  Shadow Stride (Chrono Boost)  
  185  12:42  Observer  
  186  12:54  Protoss Ground Weapons Level 3 (Chrono Boost)  
  186  12:55  Probe, Gateway  
  186  12:57  Gateway  
  187  13:00  Nexus  
  187  13:02  Pylon  
  187  13:04  Pylon  
  187  13:07  Probe  
  187  13:09  Shield Battery  
  188  13:13  Pylon, Zealot  
  188  13:18  Pylon  
  190  13:31  Pylon  
  166  13:42  Disruptor  
  169  13:50  Pylon  
  169  13:53  Photon Cannon  
  169  13:54  Photon Cannon  
  169  13:56  Photon Cannon, Shield Battery  
  169  13:57  Photon Cannon  
  169  13:58  Shield Battery  
  169  13:59  Photon Cannon, Dark Templar x6  
  169  14:00  Dark Templar x5  
  169  14:01  Dark Templar  
  193  14:10  Robotics Facility, Protoss Ground Armor Level 2 (Chrono Boost)  
  193  14:15  Photon Cannon  
  193  14:17  Photon Cannon, Disruptor  
  193  14:19  Photon Cannon  
  193  14:21  Photon Cannon  
  193  14:23  Photon Cannon  
  196  14:25  Dark Templar  
  196  14:26  Observer, Photon Cannon  
  196  14:28  Shield Battery  
  196  14:29  Stalker  
  192  14:42  Stalker x3  
  192  14:43  Stalker x2  
  200  14:59  Gateway  
  200  15:00  Shield Battery  
  200  15:01  Pylon  
  200  15:02  Gateway  
  200  15:06  Disruptor  
  199  15:24  Dark Templar  
  199  15:25  Dark Templar x2  
  189  15:36  Dark Templar x2  
  189  15:37  Dark Templar x3  
  199  15:50  Pylon  
  199  16:16  Zealot x2  
  200  16:26  Protoss Shields Level 1 (Chrono Boost)  
  198  16:49  Assimilator  
  198  16:53  Assimilator  
  198  16:58  Disruptor (Chrono Boost)  
  198  17:00  Gravitic Boosters  
  198  17:08  Disruptor (Chrono Boost)  
  198  17:15  Protoss Ground Armor Level 3 (Chrono Boost)  
  198  17:16  Dark Templar  
  198  17:20  Psionic Storm  
  194  17:26  Gateway  
  194  17:30  Gateway  
  194  17:45  Disruptor  
  194  17:48  Disruptor  
  189  18:12  Dark Templar x5  
  199  18:22  Shield Battery  
  199  18:25  Shield Battery  
  199  18:30  Shield Battery  
  199  18:35  Shield Battery  
  191  18:42  Dark Templar  
  191  18:45  Dark Templar x2  
  191  18:46  Zealot x2  
  192  19:09  Dark Templar x3  
  158  19:10  Colossus (Chrono Boost), Zealot x2, Dark Templar x3  
  158  19:11  Zealot x4  
  188  19:18  Colossus (Chrono Boost)  
  178  19:32  Dark Templar x3  
  178  19:33  Dark Templar x4  
  178  19:38  Stalker  
  187  19:57  Colossus  
  193  20:02  Stalker x3  
  191  20:24  Stalker x3  
  191  20:25  Stalker x3  
  191  20:26  Stalker  
  191  20:29  Zealot x2  
  191  20:30  Zealot  
  184  20:39  Zealot  
  184  20:40  Zealot x4  
  164  20:44  Archon x2  
  164  20:46  Archon x2  
  164  20:47  Archon  
  164  20:48  Stalker x3  
Show
View Real Time Build Order
Export as new Build Order

iGCoffeeMs Terran 

Build Orders: Reaper Expand 

Get SALT Encoding   

  12  0:00  SCV  
  13  0:12  SCV  
  14  0:17  Supply Depot  
  14  0:24  SCV  
  15  0:39  SCV  
  15  0:41  Barracks  
  16  0:43  Refinery  
  16  0:51  SCV  
  17  1:03  SCV  
  18  1:15  SCV  
  19  1:28  Reaper, Orbital Command  
  20  1:46  Command Center  
  20  1:57  Supply Depot  
  20  1:58  SCV  
  20  2:01  Marine  
  22  2:10  SCV  
  22  2:14  Factory  
  23  2:22  SCV  
  24  2:24  Bunker  
  24  2:26  Barracks Reactor  
  24  2:33  Refinery  
  24  2:34  SCV  
  25  2:46  SCV  
  26  2:58  Starport, SCV, Hellion  
  28  3:01  Orbital Command  
  29  3:08  Marine x2  
  29  3:11  SCV  
  32  3:21  Widow Mine, Supply Depot  
  32  3:24  SCV  
  35  3:27  Marine x2  
  37  3:38  Medivac  
  37  3:39  SCV x2  
  41  3:44  Hellion  
  43  3:49  Marine x2  
  43  3:53  SCV  
  43  3:54  SCV  
  47  4:05  Barracks  
  47  4:08  SCV, Barracks  
  47  4:09  SCV  
  49  4:20  Supply Depot  
  49  4:21  SCV  
  49  4:22  Engineering Bay  
  50  4:26  Starport Tech Lab, Factory Tech Lab  
  50  4:27  SCV  
  50  4:29  Marine  
  51  4:38  SCV  
  52  4:39  SCV, Supply Depot  
  52  4:48  Marine x2  
  52  4:51  SCV  
  52  4:52  SCV  
  56  4:54  Terran Infantry Weapons Level 1  
  56  4:55  Refinery  
  56  4:58  Factory Reactor  
  56  4:59  Starport Reactor  
  54  5:09  Marine, Stimpack  
  54  5:11  SCV x2  
  55  5:14  Marine x2, Combat Shield  
  55  5:15  Marauder  
  55  5:17  Missile Turret  
  59  5:26  SCV x2  
  59  5:28  Missile Turret  
  59  5:30  Marauder  
  59  5:32  Marine x2  
  59  5:34  Supply Depot  
  59  5:35  Medivac x2  
  67  5:36  Marauder  
  67  5:41  SCV  
  70  5:45  Widow Mine x2, SCV  
  70  5:46  Supply Depot  
  75  5:51  Marine  
  75  5:52  Marine  
  75  5:53  SCV  
  75  5:57  SCV, Supply Depot  
  78  5:58  Marauder  
  78  6:00  Marauder  
  83  6:07  Widow Mine  
  83  6:08  Widow Mine  
  87  6:13  Supply Depot  
  87  6:17  Marine, Medivac x2  
  87  6:18  Marine  
  91  6:23  Marauder x2  
  86  6:33  SCV x2  
  86  6:34  Widow Mine x2  
  90  6:45  Marauder, Supply Depot  
  90  6:46  Concussive Shells  
  92  6:59  Marauder, Marine x2  
  92  7:00  Widow Mine x2  
  92  7:01  SCV x2  
  94  7:04  Refinery  
  94  7:06  Marauder  
  96  7:20  Marauder, Command Center  
  98  7:24  Marine x2  
  98  7:28  Barracks x2  
  92  7:54  Marauder x2  
  92  7:56  Marine x2  
  92  7:58  Viking x2  
  87  7:59  Widow Mine x2, SCV x2  
  95  8:06  Terran Infantry Armor Level 1  
  95  8:11  SCV x2  
  97  8:15  Marauder, Marine x2  
  97  8:16  Barracks Tech Lab, Marauder  
  97  8:17  Barracks Reactor  
  103  8:23  Widow Mine, SCV x2  
  103  8:24  Widow Mine  
  107  8:30  Medivac x2  
  107  8:32  Orbital Command  
  111  8:35  SCV  
  111  8:36  SCV  
  111  8:37  Marauder  
  111  8:38  Marine, Missile Turret  
  116  8:43  Marauder  
  116  8:48  SCV  
  119  8:50  Marauder  
  119  8:51  Missile Turret  
  121  8:55  Marine  
  121  8:56  Marine x2  
  124  9:05  Marauder x2  
  124  9:07  SCV x2  
  130  9:12  Supply Depot x3  
  130  9:17  Viking  
  130  9:18  SCV  
  133  9:32  Supply Depot  
  133  9:33  SCV, Viking  
  136  9:47  Viking  
  138  9:56  Marauder x3, Marine x3  
  138  9:59  Widow Mine x2  
  151  10:00  SCV x2  
  151  10:03  Engineering Bay, Viking  
  151  10:05  Armory  
  147  10:14  Ghost Academy  
  147  10:17  Viking  
  151  10:21  Marauder x3  
  151  10:24  Command Center  
  151  10:26  Refinery  
  151  10:27  Refinery  
  153  10:49  Viking x2  
  157  10:50  Personal Cloaking  
  157  10:51  Ghost x3  
  163  10:59  Sensor Tower, Supply Depot  
  163  11:00  Supply Depot x2  
  163  11:08  Terran Infantry Weapons Level 2  
  163  11:11  Terran Infantry Armor Level 2  
  163  11:14  Marine  
  163  11:15  Marine  
  165  11:20  Marine x2, Supply Depot x2  
  165  11:23  Missile Turret x2  
  165  11:24  SCV x3  
  170  11:33  Ghost x2, Missile Turret  
  174  11:43  Planetary Fortress  
  174  11:44  Missile Turret  
  170  12:01  Marine x3  
  170  12:02  Marine  
  170  12:05  Barracks  
  170  12:07  Barracks  
  174  12:08  Barracks  
  174  12:10  SCV x3  
  174  12:12  Terran Ship Weapons Level 1  
  176  12:25  Nuke  
  176  12:27  Ghost Academy  
  163  12:37  Viking x2  
  163  12:38  Widow Mine x2  
  163  12:39  Sensor Tower  
  163  12:41  Marine x4  
  163  12:42  Ghost x3  
  181  12:51  Bunker  
  181  12:56  Barracks Reactor, Barracks Tech Lab x2  
  181  12:58  Enhanced Shockwaves  
  181  13:07  Marine  
  181  13:08  Marine x3  
  185  13:21  Nuke  
  185  13:24  Refinery x2  
  184  13:28  Command Center  
  177  13:34  Marauder  
  177  13:35  Marauder  
  177  13:38  Marine x5  
  177  13:40  Medivac x2  
  190  13:46  Terran Infantry Weapons Level 3, Fusion Core  
  190  13:47  Starport  
  190  14:11  Viking x2  
  190  14:17  Nuke  
  192  14:47  Ghost x3  
  192  14:48  Nuke  
  178  15:06  Ghost  
  178  15:07  Ghost  
  176  15:09  Sensor Tower  
  176  15:10  Planetary Fortress  
  180  15:16  Ghost  
  180  15:17  Missile Turret  
  180  15:21  Marauder x2  
  180  15:36  Marauder  
  182  15:46  Terran Ship Weapons Level 2  
  182  15:48  Advanced Ballistics  
  182  15:49  Starport Reactor  
  159  16:20  SCV, Missile Turret  
  159  16:21  SCV x3  
  159  16:23  Marauder x4, Marine  
  159  16:24  Marauder, Marine x3  
  159  16:25  Terran Infantry Armor Level 3  
  175  16:38  Sensor Tower  
  173  16:44  Marauder  
  173  16:45  Marauder, Liberator x4  
  183  17:03  Marine x2  
  185  17:13  Command Center  
  178  17:27  Liberator x2  
  178  17:28  Liberator x2  
  190  17:30  Sensor Tower  
  190  17:33  Marine x5  
  190  17:34  Marauder x2  
  199  17:44  Command Center  
  199  17:55  Sensor Tower  
  188  18:24  Liberator x4  
  200  18:32  Refinery  
  200  18:34  Refinery  
  170  19:05  Marine  
  170  19:06  Liberator, Marauder, Marine x4  
  170  19:07  Widow Mine x2, Liberator  
  150  19:17  Marauder x2, Marine  
  150  19:21  Marauder x2  
  150  19:23  Marine x2  
  153  19:33  Marine x2  
  153  19:34  Marauder  
  153  19:37  Missile Turret  
  153  19:38  Missile Turret  
  152  19:39  Marine x2  
  144  19:55  Marauder, Marine x3  
  142  20:02  SCV x3  
  122  20:08  Marine x3  
  122  20:09  Marine  
  122  20:12  Medivac x2  
  120  20:14  SCV  
  120  20:15  Widow Mine x2  
  120  20:18  SCV x2  
  124  20:26  SCV  
  123  20:28  Marauder  
  123  20:30  Marine x3  
Tags
 
Add a new tag
Caveats
  • Supply blocks, unpowered buildings, or Contaminate may cause inaccurate times.
  • Supply counts are checked every 10 seconds.